 Dungeon Crawl Stone Soup version 0.31.0-32-g396128a36d (webtiles) character file.

Game seed: 1722344489743319797

163 PaiMei the Grave Robber (level 5, 0/35 HPs)
             Began as a Demonspawn Necromancer on Mar 12, 2024.
             Slain by Grinder (1 damage)
             ... on level 3 of the Dungeon.
             The game lasted 00:02:50 (2506 turns).

PaiMei the Grave Robber (Demonspawn Necromancer)    Turns: 2506, Time: 00:02:50

Health: 0/35       AC:  4    Str:  8    XL:     5   Next: 20%
Magic:  9/9        EV: 12    Int: 18    God:
Gold:   162        SH:  0    Dex: 13    Spells: 6/10 levels left

rFire   . . .        e - +0 short sword (speed)
rCold   . . .        (no shield)
rNeg    . . .        a - +0 robe
rPois   .            (no helmet)
rElec   .            h - scarf {repulsion}
rCorr   .            (no gloves)
SInv    .            (no boots)
Will    .....        (no amulet)
Stlth   ++           (no ring)
HPRegen 0.25/turn    (no ring)
MPRegen 0.11/turn

%: repel missiles
@: no status effects
A: yellow scales 1, demonic magic 2
a: no special abilities


You were on level 3 of the Dungeon.
You visited 1 branch of the dungeon, and saw 3 of its levels.

You collected 162 gold pieces.

Inventory:

Hand Weapons
 e - a +0 short sword of speed (weapon)
Armour
 a - a +0 robe (worn)
 h - a scarf of repulsion (worn)
Wands
 l - a wand of quicksilver (3)
Scrolls
 c - 2 scrolls of teleportation {unknown}
 g - a scroll of immolation {unknown}
 i - a scroll of enchant weapon {unknown}
 k - a scroll of torment {unknown}
Potions
 b - 2 potions of magic
 d - 2 potions of curing {unknown}
 f - a potion of lignification {unknown}
 j - 2 potions of degeneration {unknown}
 m - a potion of resistance {unknown}


   Skills:
 + Level 0.0 Fighting
 + Level 2.9 Dodging
 - Level 3.0 Stealth
 + Level 3.0 Spellcasting
 + Level 5.2 Necromancy


You had 6 spell levels left.
You knew the following spells:

 Your Spells              Type           Power      Damage    Failure   Level
a - Necrotise             Necr           84%        1d8       1%          1
b - Vampiric Draining     Necr           21%        2d7       6%          3

Your spell library contained the following spells:

 Spells                   Type           Power      Damage    Failure   Level
 Apportation              Tloc           4%         N/A       16%         1
 Animate Dead             Necr           21%        N/A       19%         4
 Jinxbite                 Hex            4%         N/A       24%         2
 Curse of Agony           Necr           21%        N/A       47%         5
 Borgnjor's Vile Clutch   Necr/Erth      6%         N/A       83%         5
 Alistair's Intoxication  Alch           1%         N/A       99%         5
 Eringya's Noxious Bog    Alch           1%         4d6       100%        6


Dungeon Overview and Level Annotations

Branches:
Dungeon (3/15)

Altars:
Vehumet
Wu Jian
Xom

Annotations:
D:3 Grinder


Innate Abilities, Weirdness & Mutations

You are partially covered in yellow scales. (AC +2)
Spells you cast may paralyse nearby enemies.


Message History

Confirm with . or Enter, or press ? or * to list all spells.
You can't see any susceptible monsters within range! (Use Z to cast anyway.)
Your goblin skeleton crumbles into dust!
You see here a +0 club.
You now have 126 gold pieces (gained 6).
You now have 135 gold pieces (gained 9).
You now have 154 gold pieces (gained 19).
You now have 162 gold pieces (gained 8).
You see here a +0 club.
You see here a giant cockroach corpse.
Found a scimitar.
Found an escape hatch in the ceiling.
Grinder comes into view.
You see here a +0 scimitar.
You closely miss Grinder. Grinder hits you.
You writhe in agony.
You barely miss Grinder. Grinder hits you.
You writhe in agony.
You hit Grinder.
Grinder is lightly wounded.
You closely miss Grinder.
Grinder is lightly wounded.
Grinder barely misses you.
You hit Grinder but do no damage.
Grinder is lightly wounded.
Grinder closely misses you.
You hit Grinder.
Grinder is lightly wounded.
You hit Grinder.
Grinder is lightly wounded.
Grinder hits you!
You writhe in agony.
You hit Grinder.
Grinder is moderately wounded.
Grinder gestures at you. You resist with significant effort. Grinder hits you.
* * * LOW HITPOINT WARNING * * *
You writhe in agony.
* * * LOW HITPOINT WARNING * * *
Grinder attacks as she pursues you! Grinder hits you.
You die...
Grinder says, "Now the real fun starts!"

####.####..# #.###
#.# #.......# #
###.# .....######
#...# #.....# #.
#.### #.....# #.
#.### #.....# #.
##...###.....# #.
#.5##.## #.
#.#@###.# #.
#.#<.##.# #.
#.##.##.#
########. #.#.#.##
#......#. #...##
#.#......
##.#######.#.##.##
#...........##.#
#########.####.#
#......#


You could see Grinder.

Vanquished Creatures
  Jessica (D:3)
  Natasha (twice) (D:3)
  An adder (D:3)
  2 dart slugs
  3 ribbon worms
  An orc (D:3)
  3 bats
  7 endoplasms
  2 giant cockroaches
  2 goblins
  3 hobgoblins
  2 kobolds
  2 quokkas
  2 ball pythons
  4 frilled lizards
  4 rats
41 creatures vanquished.

Vanquished Creatures (collateral kills)
  An iguana (D:3)
1 creature vanquished.

Grand Total: 42 creatures vanquished

Notes
Turn   | Place    | Note
-------+----------+-------------------------------------------
     0 | D:1      | PaiMei the Demonspawn Necromancer began the quest for the
                  | Orb.
     0 | D:1      | Reached XP level 1. HP: 13/13 MP: 3/3
   260 | D:1      | Gained mutation: Spells you cast may paralyse adjacent
                  | enemies. [demonic ancestry]
   260 | D:1      | Reached XP level 2. HP: 19/19 MP: 1/5
  1285 | D:2      | Found a shimmering altar of Xom.
  1370 | D:2      | Reached XP level 3. HP: 24/24 MP: 4/6
  1815 | D:3      | Noticed Jessica
  1820 | D:3      | Killed Jessica
  1937 | D:3      | Gained mutation: Spells you cast may paralyse nearby
                  | enemies. [demonic ancestry]
  1937 | D:3      | Reached XP level 4. HP: 23/30 MP: 0/7
  2007 | D:3      | Noticed Natasha
  2016 | D:3      | Killed Natasha
  2017 | D:3      | Reached skill level 5 in Necromancy
  2066 | D:3      | Noticed Natasha
  2090 | D:3      | Killed Natasha
  2331 | D:3      | Found an ornate altar of the Wu Jian Council.
  2331 | D:3      | Found a radiant altar of Vehumet.
  2341 | D:3      | Gained mutation: You are partially covered in yellow
                  | scales. (AC +2) [demonic ancestry]
  2341 | D:3      | Reached XP level 5. HP: 35/35 MP: 4/9
  2345 | D:3      | Learned a level 3 spell: Vampiric Draining
  2430 | D:3      | Noticed Grinder
  2505 | D:3      | HP: 1/35 [Grinder (6)]
  2506 | D:3      | Slain by Grinder

Illustrated notes

Levels and vault maps discovered:
D:1:      dpeg_arrival_pits, layout_loops_cross
D:2:      layout_loops_ring, basic_altar, minivault_19
D:3:      layout_loops_cross, jmf_multi_god_temple, uniq_natasha, uniq_robin,
          uniq_grinder, uniq_jessica

Skill      XL: |  1  2  3  4 |
---------------+-------------+-----
Stealth        | 2 3 |  3.0
Dodging        | 2 |  2.9
Necromancy     | 5 |  5.2
Spellcasting   | 3 |  3.0

Action                     |  1- 3 |  4- 6 || total
---------------------------+-------+-------++-------
  Melee: Unarmed           |    12 |       ||    12
         Punch             |     1 |     1 ||     2
         Short sword       |    21 |    22 ||    43
   Cast: Necrotise         |    65 |    29 ||    94
   Stab: Paralysed         |     1 |       ||     1
 Armour: Robe              |    21 |    13 ||    34
  Dodge: Dodged            |    11 |    13 ||    24
         Repelled          |     1 |     1 ||     2
